 Dungeon Crawl Stone Soup version 0.31-a0-339-gda1cbd555d (console) character file.

Game seed: 6767880129761232690

28629 jejorda2 the Grappler (level 13, -8/104 HPs)
             Began as a Gnoll Berserker on July 20, 2023.
             Was an Elder of Trog.
             Mangled by a culicivora (10 damage)
             ... on level 2 of the Lair of Beasts.
             The game lasted 00:32:06 (11401 turns).

jejorda2 the Grappler (Gnoll Berserker)            Turns: 11401, Time: 00:32:09

Health: -8/104     AC: 18    Str: 21    XL:     13   Next: 40%
Magic:  25/25      EV: 14    Int:  8    God:    Trog [****..]
Gold:   625        SH:  0    Dex: 11    Spells: 28/28 levels left

rFire   + . .        a - +5 lajatang "Odacebel" {flame, Fly}
rCold   + . .        (shield currently unavailable)
rNeg    . . .        k - +4 plate armour {rF+}
rPois   .            (helmet currently unavailable)
rElec   .            (cloak currently unavailable)
rCorr   .            (gloves currently unavailable)
SInv    .            (boots currently unavailable)
Will    ++...        h - amulet of regeneration Stlth
                     J - ring of protection from cold
HPRegen 2.17/turn    l - +5 ring of evasion
MPRegen 0.19/turn

%: no passive effects
@: beast-form, strong-willed, on berserk cooldown, flying, regenerating, slowed,
very slow
A: beast (slay +4), fangs 1, strong nose, distributed training
a: Begin Untransformation, Renounce Religion, Berserk, Trog's Hand, Brothers in
Arms


You were on level 2 of the Lair of Beasts.
You worshipped Trog.
Trog was greatly pleased with you.
You were a hulking beast.
You visited 3 branches of the dungeon, and saw 16 of its levels.

You collected 1977 gold pieces.
You spent 1352 gold pieces at shops.

Inventory:

Hand Weapons
 a - the +5 lajatang "Odacebel" (weapon) {flame, Fly}
   (Trog gifted it to you on level 3 of the Lair of Beasts)

   Fly:       It grants you flight.
Missiles
 i - 161 stones
 q - 23 poisoned darts (quivered)
 v - 2 javelins
 B - 12 boomerangs
 C - 2 throwing nets
Armour
 k - a +4 plate armour of fire resistance (worn)
 w - a +1 helmet
 y - a +0 cloak
Jewellery
 h - an amulet of regeneration (around neck)
 l - a +5 ring of evasion (right hand)
 H - a ring of flight
 J - a ring of protection from cold (left hand)
Talismans
 n - a beast talisman
Wands
 o - a wand of charming (9)
 t - a wand of flame (22)
 A - a wand of iceblast (17)
 M - a wand of polymorph (5)
Scrolls
 c - a scroll of poison
 f - a scroll of blinking
 p - 2 scrolls of teleportation
 E - 2 scrolls of enchant armour
 O - 2 scrolls of revelation
Potions
 d - 2 potions of lignification
 e - 2 potions of heal wounds
 g - 2 potions of haste
 j - 5 potions of mutation
 m - 2 potions of resistance
 r - 4 potions of attraction
 s - 10 potions of curing
 u - a potion of berserk rage {unknown}
 z - a potion of ambrosia {unknown}
 D - a potion of experience {unknown}
 G - 3 potions of invisibility
 I - 2 potions of enlightenment
 K - 2 potions of might {unknown}
Miscellaneous
 L - a piece from Xom's chessboard (15/15)


   Skills:
 + Level 10.7 Fighting
 + Level 8.4 Short Blades
 + Level 8.4 Long Blades
 + Level 8.4 Axes
 + Level 8.4 Maces & Flails
 + Level 8.4 Polearms
 + Level 8.4 Staves
 + Level 8.4 Ranged Weapons
 + Level 8.4 Throwing
 + Level 9.6 Armour
 + Level 9.6 Dodging
 + Level 8.4 Stealth
 + Level 8.4 Shields
 + Level 10.7 Unarmed Combat
 + Level 8.4 Spellcasting
 + Level 7.0 Conjurations
 + Level 7.0 Hexes
 + Level 7.0 Summonings
 + Level 7.0 Necromancy
 + Level 7.0 Translocations
 + Level 7.0 Transmutations
 + Level 7.0 Fire Magic
 + Level 7.0 Ice Magic
 + Level 7.0 Air Magic
 + Level 7.0 Earth Magic
 + Level 7.0 Poison Magic
 + Level 9.2 Invocations
 + Level 8.4 Evocations
 + Level 7.0 Shapeshifting


You had 28 spell levels left.
You didn't know any spells.
Your spell library was empty.

Dungeon Overview and Level Annotations

Branches:
Dungeon (12/15)            Temple (1/1) D:4            Lair (3/5) D:8
    Orc (0/2) D:9
  Swamp: Lair:2-3    Shoals: Lair:2-3     Snake: Lair:2-3    Spider: Lair:2-3

Altars:
Ashenzari
Cheibriados
Dithmenos
Elyvilon
Fedhas
Gozag
Hepliaklqana
Kikubaaqudgha
Makhleb
Nemelex Xobeh
Okawaru
Qazlal
Ru
Sif Muna
Trog
Uskayaw
Vehumet
Wu Jian
Xom
Yredelemnul
Zin
The Shining One

Shops:
D:1 *   D:10 (   D:12 ?


Innate Abilities, Weirdness & Mutations

You are a hulking beast.
Your limbs bulge with bestial killing power. (Slay +4)
You have very sharp teeth.
Your uncanny sense of smell can sniff out nearby items.
Your experience applies equally to all skills.


Message History

The culicivora draws strength from your injuries!
You closely miss the culicivora.
You feel the effects of Trog's Hand fading.
The culicivora closely misses you. The culicivora bites you!
* * * LOW HITPOINT WARNING * * *
The culicivora draws strength from your injuries!
You miss the culicivora.
The culicivora bites you but does no damage.
The culicivora misses you.
You slash the culicivora! You burn the culicivora.
The culicivora is moderately wounded.
The culicivora bites you.
The culicivora draws strength from your injuries!
The culicivora closely misses you. x2
You barely miss the culicivora.
The culicivora is moderately wounded.
Your skin stops crawling.
You feel less strong-willed. The culicivora closely misses you.
The culicivora is healed somewhat.
The culicivora bites you!
* * * LOW HITPOINT WARNING * * *
The culicivora draws strength from your injuries!
You slash the culicivora! You burn the culicivora.
The culicivora is moderately wounded.
The culicivora is healed somewhat.
The culicivora barely misses you. x2
Your skin crawls.
You feel strong-willed. The culicivora bites you!
* * * LOW HITPOINT WARNING * * *
The culicivora draws strength from your injuries!
The culicivora bites you!
* * * LOW HITPOINT WARNING * * *
The culicivora draws strength from your injuries!
You slice the culicivora!! You burn the culicivora.
Your bite misses the culicivora.
The culicivora is heavily wounded.
The culicivora bites you!
* * * LOW HITPOINT WARNING * * *
The culicivora draws strength from your injuries!
The culicivora misses you. The culicivora bites you!
You die...

##...##.#.P.<....
#...##+..##.....
#...##...##.....
##...............
#....##....#.....
##...P#...+......
#.........#.....
###.>.###.###.....
#h#r..######......
##ss..............
##D..............
#...............
#................
##...............
#####...####....
....^ ##..# #...#.
#..#


You could see 2 culicivoras and a steam dragon.

Vanquished Creatures
  2 hydras (Lair:3)
  3 boulder beetles
  2 death yaks (Lair:1)
  2 ugly things
  A deep elf pyromancer (D:12)
  2 cyclopes
  3 black mambas
  5 elephants (Lair:3)
  Maurice (D:8)
  A torpor snail (Lair:1)
  2 cane toads (Lair:1)
  An unseen horror zombie (D:8)
  7 komodo dragons
  3 trolls
  6 blink frogs
  2 shadows
  4 culicivoras (Lair:2)
  9 slime creatures (D:12)
  2 wyverns
  30 yaks
  2 basilisks (Lair:1)
  2 steam dragons (D:9)
  2 redbacks (Lair:2)
  8 vampire mosquitoes (D:12)
  An acid dragon (D:10)
  4 water moccasins
  4 wargs (D:9)
  2 ice beasts
  5 orc warriors
  2 sky beasts
  3 black bears
  6 wolves
  2 ogres
  2 centaurs
  A phantom (D:6)
  A kobold brigand (D:7)
  9 bullfrogs
  A necrophage (D:8)
  2 wyvern zombies (D:8)
  2 scorpions (D:4)
  9 wights
  5 howler monkeys
  4 centaur zombies (D:8)
  4 jellies
  6 orc priests
  A human zombie (D:8)
  2 gnoll boudas
  A hound (D:6)
  Jessica (D:2)
  5 iguanas
  9 orc wizards
  5 hell rats (Lair:2)
  A howler monkey zombie (D:8)
  2 mummies (D:8)
  19 gnolls
  9 adders
  3 shadow imps
  A white imp (D:6)
  A worm (D:3)
  2 dart slugs
  33 orcs
  5 endoplasms
  3 giant cockroaches
  6 goblins
  10 hobgoblins
  8 jackals
  A quokka (D:2)
  7 ball pythons
  A bat (D:1)
  8 kobolds
  8 rats
329 creatures vanquished.

Vanquished Creatures (others)
  A culicivora (Lair:2)
  A human (D:8)
2 creatures vanquished.

Grand Total: 331 creatures vanquished

Notes
Turn   | Place    | Note
-------+----------+-------------------------------------------
     0 | D:1      | jejorda2 the Gnoll Berserker began the quest for the Orb.
     0 | D:1      | Reached XP level 1. HP: 23/23 MP: 1/1
   268 | D:1      | Reached XP level 2. HP: 29/29 MP: 2/2
   645 | D:1      | Found Fuhyfe's General Store.
   937 | D:2      | Reached XP level 3. HP: 35/35 MP: 3/3
   977 | D:2      | Found a hazy altar of Hepliaklqana.
   997 | D:2      | Reached ** piety under Trog
  1086 | D:2      | Noticed Jessica
  1091 | D:2      | Killed Jessica
  1092 | D:2      | Reached skill level 1 in Short Blades
  1092 | D:2      | Reached skill level 1 in Long Blades
  1092 | D:2      | Reached skill level 1 in Axes
  1092 | D:2      | Reached skill level 1 in Maces & Flails
  1092 | D:2      | Reached skill level 1 in Polearms
  1092 | D:2      | Reached skill level 1 in Staves
  1092 | D:2      | Reached skill level 1 in Ranged Weapons
  1092 | D:2      | Reached skill level 1 in Throwing
  1092 | D:2      | Reached skill level 1 in Stealth
  1092 | D:2      | Reached skill level 1 in Shields
  1092 | D:2      | Reached skill level 1 in Spellcasting
  1092 | D:2      | Reached skill level 1 in Invocations
  1092 | D:2      | Reached skill level 1 in Evocations
  1095 | D:2      | Reached XP level 4. HP: 41/41 MP: 3/5
  1315 | D:2      | Reached skill level 1 in Conjurations
  1315 | D:2      | Reached skill level 1 in Hexes
  1315 | D:2      | Reached skill level 1 in Summonings
  1315 | D:2      | Reached skill level 1 in Necromancy
  1315 | D:2      | Reached skill level 1 in Translocations
  1315 | D:2      | Reached skill level 1 in Transmutations
  1315 | D:2      | Reached skill level 1 in Fire Magic
  1315 | D:2      | Reached skill level 1 in Ice Magic
  1315 | D:2      | Reached skill level 1 in Air Magic
  1315 | D:2      | Reached skill level 1 in Earth Magic
  1315 | D:2      | Reached skill level 1 in Poison Magic
  1315 | D:2      | Reached skill level 1 in Shapeshifting
  1583 | D:3      | Reached XP level 5. HP: 47/47 MP: 5/7
  1701 | D:3      | Found a broken altar of Ashenzari.
  2244 | D:4      | You fall into a shaft and drop 1 floor!
  2244 | D:5      | Entered Level 5 of the Dungeon
  2254 | D:5      | Identified the +0 leather armour "Otylent" {rPois rC+ Will+
                  | Stlth+}
  2262 | D:5      | Noticed an ogre
  2273 | D:5      | Noticed a water moccasin
  2275 | D:5      | Killed an ogre
  2276 | D:5      | Reached XP level 6. HP: 53/53 MP: 8/8
  2279 | D:5      | Killed a water moccasin
  2280 | D:5      | Reached skill level 5 in Armour
  2280 | D:5      | Reached skill level 5 in Dodging
  2502 | D:5      | Reached XP level 7. HP: 27/59 MP: 10/10
  2662 | D:4      | Found a staircase to the Ecumenical Temple.
  2682 | Temple   | Entered the Ecumenical Temple
  2794 | D:4      | Found a burning altar of Makhleb.
  2912 | D:4      | Reached *** piety under Trog
  2939 | D:4      | Found a shimmering blue altar of Sif Muna.
  2953 | D:4      | Found a bloodstained altar of Trog.
  2957 | D:4      | Reached XP level 8. HP: 60/67 MP: 12/12
  3399 | D:5      | Found a glowing silver altar of Zin.
  3472 | D:6      | Noticed a boulder beetle
  3483 | D:6      | Killed a boulder beetle
  3484 | D:6      | Reached XP level 9. HP: 73/73 MP: 12/14
  3973 | D:6      | Found an iron altar of Okawaru.
  4020 | D:6      | Found a white marble altar of Elyvilon.
  4102 | D:6      | Noticed a green ugly thing
  4114 | D:6      | Killed a green ugly thing
  4115 | D:6      | Reached skill level 5 in Invocations
  4179 | D:6      | Noticed a cyclops
  4188 | D:6      | Killed a cyclops
  4189 | D:6      | Reached skill level 5 in Short Blades
  4189 | D:6      | Reached skill level 5 in Long Blades
  4189 | D:6      | Reached skill level 5 in Axes
  4189 | D:6      | Reached skill level 5 in Maces & Flails
  4189 | D:6      | Reached skill level 5 in Polearms
  4189 | D:6      | Reached skill level 5 in Staves
  4189 | D:6      | Reached skill level 5 in Ranged Weapons
  4189 | D:6      | Reached skill level 5 in Throwing
  4189 | D:6      | Reached skill level 5 in Stealth
  4189 | D:6      | Reached skill level 5 in Shields
  4189 | D:6      | Reached skill level 5 in Spellcasting
  4189 | D:6      | Reached skill level 5 in Evocations
  4189 | D:6      | Reached XP level 10. HP: 81/81 MP: 17/17
  4363 | D:7      | Identified a scroll of acquirement
  4363 | D:7      | Acquired 996 gold pieces
  4482 | D:1      | Bought a scroll of poison for 44 gold pieces
  4482 | D:1      | Bought 2 potions of haste for 220 gold pieces
  4482 | D:1      | Bought a +4 plate armour of fire resistance for 550 gold
                  | pieces
  4482 | D:1      | Bought a +5 ring of evasion for 396 gold pieces
  5483 | D:8      | Found an ancient bone altar of Kikubaaqudgha.
  5618 | D:8      | Found a staircase to the Lair.
  5694 | D:8      | Found an opulent altar of Gozag.
  6156 | D:8      | Found a basalt altar of Yredelemnul.
  6170 | D:8      | Reached **** piety under Trog
  6275 | D:8      | Noticed Maurice
  6315 | D:8      | Killed Maurice
  6853 | D:9      | Found a staircase to the Orcish Mines.
  6914 | D:9      | Reached XP level 11. HP: 79/87 MP: 19/19
  6922 | D:9      | Reached skill level 5 in Conjurations
  6922 | D:9      | Reached skill level 5 in Hexes
  6922 | D:9      | Reached skill level 5 in Summonings
  6922 | D:9      | Reached skill level 5 in Necromancy
  6922 | D:9      | Reached skill level 5 in Translocations
  6922 | D:9      | Reached skill level 5 in Transmutations
  6922 | D:9      | Reached skill level 5 in Fire Magic
  6922 | D:9      | Reached skill level 5 in Ice Magic
  6922 | D:9      | Reached skill level 5 in Air Magic
  6922 | D:9      | Reached skill level 5 in Earth Magic
  6922 | D:9      | Reached skill level 5 in Poison Magic
  6922 | D:9      | Reached skill level 5 in Shapeshifting
  7465 | D:10     | Entered Level 10 of the Dungeon
  7773 | D:10     | Found Xiciaha's Weapon Shoppe.
  7973 | D:10     | Found a shimmering altar of Xom.
  8120 | D:10     | Found a sparkling altar of Nemelex Xobeh.
  8203 | D:11     | Noticed a boulder beetle
  8212 | D:11     | Killed a boulder beetle
  8680 | D:11     | Noticed a boulder beetle
  8701 | D:11     | Killed a boulder beetle
  8702 | D:11     | Reached XP level 12. HP: 82/97 MP: 22/22
  9284 | D:12     | Found Juoqiek's Magic Scroll Emporium.
  9289 | D:12     | Reached skill level 10 in Fighting
  9289 | D:12     | Reached skill level 10 in Unarmed Combat
  9297 | D:12     | Bought a scroll of identify for 30 gold pieces
  9297 | D:12     | Bought a scroll of revelation for 112 gold pieces
  9404 | Lair:1   | Entered Level 1 of the Lair of Beasts
  9672 | Lair:1   | Found a white marble altar of Elyvilon.
  9779 | Lair:1   | Noticed a death yak
  9779 | Lair:1   | Noticed a death yak
  9796 | Lair:1   | Killed a death yak
  9803 | Lair:1   | Killed a death yak
 10668 | Lair:2   | Reached ***** piety under Trog
 10728 | Lair:2   | You fall into a shaft and drop 1 floor!
 10740 | Lair:3   | Reached XP level 13. HP: 90/102 MP: 24/24
 10774 | Lair:3   | Identified the +5 lajatang "Odacebel" {flame, Fly} (Trog
                  | gifted it to you on level 3 of the Lair of Beasts)
 10774 | Lair:3   | Received a gift from Trog
 11401 | Lair:2   | HP: 2/104 [culicivora (11)]
 11401 | Lair:2   | Mangled by a culicivora

Illustrated notes

Levels and vault maps discovered:
D:1:      dpeg_arrival_water_fire, layout_basic, serial_shops, shop
D:2:      layout_rooms, basic_altar, uniq_jessica
D:3:      layout_loops_ring, ashenzari_conservatory_becter,
          hangedman_feature_mirror
D:4:      layout_basic, lightli_temple_of_fire,
          nzn_overflow_gifts_of_might_and_magic, minmay_temple_entry_glass
D:5:      layout_basic, zin_treasury, kennysheep_another_room
D:6:      layout_cave_pools, mainiacjoe_overflow_paths,
          mainiacjoe_overflow_catwalk, minmay_manual_mullet
D:7:      layout_cave_pods
D:8:      layout_basic, tgw_kikubaaqudgha, grunt_gozag_breadcrumbs,
          lemuel_mausoleum_altar_yredelemnul, david_lair_shrubbed, uniq_maurice
D:9:      layout_loops_corners, minmay_orc_entry_guard_dogs
D:10:     layout_basic, marbit_many_paths, nemelex_altar_shiori, serial_shops,
          shop_coins, kennysheep_generic_room_11
D:11:     layout_rooms
D:12:     layout_layer_cave, serial_shops, shop, grunt_ministairs_12
Temple:   nicolae_temple_two_arcs
Lair:1:   layout_cave_pods, basic_altar, st_stairs_9, beast_lair_carwin_2
Lair:2:   layout_regular_city, minmay_shoals_entry_hut,
          nicolae_spider_entry_tight_spaces, lemuel_fruit_tree
Lair:3:   layout_cave_shapes, beast_lair_carwin_10, grunt_megastairs_1,
          uniq_rupert

Skill      XL: |  1  2  3  4  5  6  7  8  9 10 11 12 13 |
---------------+----------------------------------------+-----
Short Blades   | 1 2 3 5 7 8 |  8.4
Long Blades    | 1 2 3 5 7 8 |  8.4
Axes           | 1 2 3 5 7 8 |  8.4
Maces & Flails | 1 2 3 5 7 8 |  8.4
Polearms       | 1 2 3 5 7 8 |  8.4
Staves         | 1 2 3 5 7 8 |  8.4
Ranged Weapons | 1 2 3 5 7 8 |  8.4
Throwing       | 1 2 3 5 7 8 |  8.4
Stealth        | 1 2 3 5 7 8 |  8.4
Shields        | 1 2 3 5 7 8 |  8.4
Spellcasting   | 1 2 3 5 7 8 |  8.4
Invocations    | 1 2 3 4 5 6 7 8 9 |  9.2
Evocations     | 1 2 3 5 7 8 |  8.4
Conjurations   | 1 2 3 4 5 6 7 |  7.0
Hexes          | 1 2 3 4 5 6 7 |  7.0
Summonings     | 1 2 3 4 5 6 7 |  7.0
Necromancy     | 1 2 3 4 5 6 7 |  7.0
Translocations | 1 2 3 4 5 6 7 |  7.0
Transmutations | 1 2 3 4 5 6 7 |  7.0
Fire Magic     | 1 2 3 4 5 6 7 |  7.0
Ice Magic      | 1 2 3 4 5 6 7 |  7.0
Air Magic      | 1 2 3 4 5 6 7 |  7.0
Earth Magic    | 1 2 3 4 5 6 7 |  7.0
Poison Magic   | 1 2 3 4 5 6 7 |  7.0
Shapeshifting  | 1 2 3 4 5 6 7 |  7.0
Armour         | 5 6 7 8 9 |  9.6
Dodging        | 5 6 7 8 9 |  9.6
Fighting       | 7 8 9 10 | 10.7
Unarmed Combat | 7 8 9 10 | 10.7

Action                     |  1- 3 |  4- 6 |  7- 9 | 10-12 | 13-15 || total
---------------------------+-------+-------+-------+-------+-------++-------
  Melee: Unarmed           |    58 |    66 |       |       |       ||   124
         Bite              |     7 |     4 |    24 |    82 |     8 ||   125
         Punch             |     2 |     2 |     7 |     1 |       ||    12
         Morningstar       |       |    14 |   183 |   660 |    22 ||   879
         Lajatang          |       |       |       |       |    81 ||    81
  Throw: Dart              |       |     2 |     3 |    23 |       ||    28
         Javelin           |       |     2 |       |       |       ||     2
 Invoke: Berserk           |     1 |     4 |     5 |    10 |     2 ||    22
         Trog's Hand       |       |       |     1 |     5 |     3 ||     9
         Brothers in Arms  |       |       |       |       |     1 ||     1
  Evoke: Wand              |       |       |       |     2 |       ||     2
    Use: Scroll            |       |       |       |    25 |     2 ||    27
         Potion            |       |       |       |       |     1 ||     1
 Armour: Animal skin       |     6 |       |       |       |       ||     6
         Scale mail        |    10 |     1 |       |       |       ||    11
         Ring mail         |     4 |       |       |       |       ||     4
         Chain mail        |       |    28 |    50 |       |       ||    78
         Plate armour      |       |       |    55 |   258 |    62 ||   375
  Dodge: Dodged            |    42 |    25 |    75 |   357 |   110 ||   609
  Block: Kite shield       |       |       |       |   294 |     8 ||   302
   Form: Beast             |       |     1 |       |       |       ||     1

Table legend: (Time is in decaauts)
 A = Elapsed time spent in this place.
 B = Non-inter-level travel time spent in this place.
 C = Inter-level travel time spent in this place.
 D = Time resting spent in this place.
 E = Time spent auto-exploring this place.
 F = Levels seen in this place.
 G = Mean time per level.
                   A        B        C        D        E       F      G
               +--------+--------+--------+--------+--------+-----+--------+
         Total |  11830 |  11153 |    677 |    724 |   7897 |  16 |  739.4 |
       Dungeon |   9725 |   9084 |    641 |    569 |   6466 |  12 |  810.4 |
        Temple |     48 |     48 |      0 |     46 |      0 |   1 |   48.0 |
          Lair |   2055 |   2019 |     36 |    108 |   1430 |   3 |  685.0 |
               +--------+--------+--------+--------+--------+-----+--------+

Top non-repeatable levels by time:
     D:8: 1187 daAuts
  Lair:1: 1142 daAuts
     D:9: 1095 daAuts
     D:6: 923 daAuts
     D:1: 916 daAuts
     D:5: 845 daAuts
    D:10: 823 daAuts
     D:7: 811 daAuts
     D:3: 740 daAuts
     D:2: 715 daAuts
    D:11: 678 daAuts
  Lair:2: 589 daAuts
     D:4: 527 daAuts
    D:12: 461 daAuts
  Lair:3: 324 daAuts
